 Dungeon Crawl Stone Soup version 0.20-a0-957-g47ad1fd (webtiles) character file.

4895 Dipster the Devastator (level 10, 0/50 HPs)
             Began as a Tengu Conjurer on Apr 5, 2017.
             Slain by a hornet (9 damage)
             ... while paralysed by a hornet
             ... on level 9 of the Dungeon.
             The game lasted 00:24:30 (12978 turns).

Dipster the Devastator (Tengu Conjurer)            Turns: 12978, Time: 00:24:31

Health: 0/50       AC:  5    Str: 11    XL:     10   Next: 51%
Magic:  21/31      EV:  2    Int: 18    God:
Gold:   412        SH:  0    Dex: 15    Spells: 9/24 levels left

rFire    . . .     SeeInvis .   J - +3 long sword (holy)
rCold    . . .     Gourm    .   (no shield)
rNeg     . . .     Faith    .   a - +1 robe
rPois    .         Spirit   .   (helmet restricted)
rElec    +         Reflect  .   (no cloak)
rCorr    .         Harm     .   (no gloves)
MR       .....                  (boots unavailable)
Stlth    ++........             (no amulet)
Regen    0.2/turn               y - ring of magical power
MPRegen  0.3/turn               (no ring)

@: paralysed, lethally poisoned (0 -> -6)
A: beak, talons 3, thin metallic scales 1, electricity resistance, strong 1,
able to fly 1
a: Fly


You were on level 9 of the Dungeon.
You were not hungry.

You visited 1 branch of the dungeon, and saw 9 of its levels.
You also visited: Ossuary.

You collected 412 gold pieces.

Inventory:

Hand Weapons
 f - a +0 short sword
 v - a +1 blowgun
 A - a cursed +4 dire flail
 J - a +3 long sword of holy wrath (weapon)
 L - a +0 flail of draining
 M - a +1 trident of flaming
 P - a +2 falchion of freezing
Missiles
 x - 24 poisoned needles
Armour
 a - a +1 robe (worn)
 O - a +0 buckler
 S - a +0 robe of magic resistance
Jewellery
 y - a ring of magical power (left hand)
 E - the ring "Neng" {Str+6 Stlth+, unknown}
   (You found it on level 4 of the Dungeon)

   [ring of stealth]

   It affects your strength (+6).
   It makes you more stealthy.
 G - an uncursed amulet of magic regeneration {unknown}
 I - an uncursed amulet of harm {unknown}
 R - an uncursed ring of fire {unknown}
Wands
 C - a wand of acid (7/15)
 D - a wand of iceblast (5/15)
Scrolls
 d - a scroll of enchant weapon
 g - 3 scrolls of enchant armour
 h - 3 scrolls of amnesia
 i - 5 scrolls of teleportation
 l - 4 scrolls of remove curse
 n - 3 scrolls of fear
 o - 6 scrolls of identify {unknown}
 s - 3 scrolls of recharging
 B - 2 scrolls of immolation {unknown}
 K - a scroll of silence {unknown}
 N - a scroll of summoning {unknown}
 Q - a scroll of fog
 T - a scroll of blinking
Potions
 e - a potion of mutation
 j - 2 potions of might
 k - a potion of berserk rage {unknown}
 m - 2 potions of invisibility
 p - a potion of lignification {unknown}
 q - a potion of degeneration {unknown}
 r - 2 potions of ambrosia {unknown}
 u - a potion of brilliance {unknown}
 w - a potion of heal wounds {unknown}
Books
 b - a book of Conjurations

   Spells                             Type                      Level
   a - Magic Dart                     Conjuration                  1
   b - Searing Ray                    Conjuration                  2
   c - Dazzling Spray                 Conjuration/Hexes            3
   d - Fulminant Prism                Conjuration/Hexes            4
   e - Force Lance                    Conjuration/Translocation    4
   f - Iskenderun's Mystic Blast      Conjuration                  4
 H - a book of Maledictions

   Spells                             Type                      Level
   a - Corona                         Hexes                        1
   b - Ensorcelled Hibernation        Hexes/Ice                    2
   c - Confuse                        Hexes                        3
   d - Tukima's Dance                 Hexes                        3
   e - Dazzling Spray                 Conjuration/Hexes            3
Comestibles
 c - a bread ration
 t - 4 royal jellies
 z - a fruit
 F - 4 meat rations


   Skills:
 - Level 2.1 Dodging
 - Level 2.0 Stealth
 + Level 7.7 Spellcasting
 * Level 16.3 Conjurations


You had 9 spell levels left.
You knew the following spells:

 Your Spells              Type           Power        Failure   Level  Hunger
a - Magic Dart            Conj           ####         0%          1    None
b - Searing Ray           Conj           ######       1%          2    None
c - Iskenderun's Mystic   Conj           ######..     1%          4    ###....
d - Force Lance           Conj/Tloc      #####...     3%          4    ###....
e - Fulminant Prism       Conj/Hex       #####.....   3%          4    ###....


Dungeon Overview and Level Annotations

Branches:
Dungeon (9/15)             Temple (0/1) D:6
   Lair: D:8-11         Orc: D:9-12

Altars:
Dithmenos
Elyvilon
Makhleb
Nemelex Xobeh
Ru
Trog
Yredelemnul

Annotations:
D:9 exclusion: oklob sapling


Innate Abilities, Weirdness & Mutations

You have a beak for a mouth.
You have claws for feet.
You can fly.
You are partially covered in thin metallic scales. (AC +2)
You are resistant to electric shocks. (rElec)
Your muscles are strong. (Str +2)


Message History

The hornet is heavily wounded.
The hornet closely misses you.
You riposte.
You barely miss the hornet. You claw the hornet. You peck the hornet.
The hornet is heavily wounded.
The hornet stings you!
You feel yourself slow down.
Casting: Iskenderun's Mystic Blast
Confirm with . or Enter, or press ? or * to list all spells.
Aiming: Iskenderun's Mystic Blast
Press: ? - help, Shift-Dir - straight line, f/p - hornet
Aim: a hornet (heavily wounded)
The orb of energy hits the hornet.
The hornet is severely wounded.
The orb of energy explodes!
You feel yourself speed up.
You hear an angry hiss.
The hornet stings you!!
* * * LOW HITPOINT WARNING * * *
You are poisoned.
You suddenly lose the ability to move!
The hornet stings you!
You die...

#.# #.# #.# #<# #># #
#.# #####.##.# ≈
.........##########..≈P
####.....@y....†÷S....!
#...########........
##.# #.#.....♣ #.
#.#....≈♣ #. #.# S.≈≈#
# ..# ..SP# ### .≈≈#
.≈S≈


You could see a hornet.

Vanquished Creatures
  A two-headed ogre (D:8)
  Prince Ribbit (D:7)
  4 hippogriffs
  Menkaure (Ossuary)
  Duvessa (D:7)
  An ice beast (D:5)
  A sky beast (D:6)
  A necrophage (D:8)
  3 ogres
  2 centaurs
  6 bullfrogs
  A scorpion (D:7)
  Dowan (D:7)
  An oklob sapling (D:9)
  6 killer bees (D:7)
  8 wights (D:7)
  A howler monkey (D:4)
  A crimson imp (D:8)
  A quasit (D:8)
  A centaur zombie (D:6)
  4 hounds
  2 bullfrog skeletons
  3 jellies
  A bullfrog zombie (D:7)
  3 orc priests
  11 orc wizards
  A centaur skeleton (D:8)
  7 worker ants
  2 mummies (Ossuary)
  12 adders
  2 shadow imps
  2 oozes
  2 adder zombies
  An adder skeleton (D:4)
  5 worms (D:2)
  5 dart slugs
  6 leopard geckos
  19 orcs
  9 bats
  3 giant cockroaches
  4 gnoll zombies (Ossuary)
  11 goblins
  2 hobgoblins
  4 jackals (D:6)
  8 quokkas
  7 ball pythons
  6 frilled lizards
  2 gnoll skeletons (Ossuary)
  A goblin skeleton (Ossuary)
  A goblin zombie (Ossuary)
  4 hobgoblin skeletons (Ossuary)
  A hobgoblin zombie (Ossuary)
  9 kobolds
  A kobold skeleton (Ossuary)
  2 kobold zombies (Ossuary)
  2 quokka skeletons
  A quokka zombie (D:8)
  8 rats
217 creatures vanquished.

Vanquished Creatures (others)
  A mummy (Ossuary)
  2 gnoll zombies (Ossuary)
  2 goblin skeletons (Ossuary)
  3 goblin zombies (Ossuary)
  7 hobgoblin skeletons (Ossuary)
  4 hobgoblin zombies (Ossuary)
  2 kobold skeletons (Ossuary)
  4 kobold zombies (Ossuary)
  2 orc skeletons (Ossuary)
  4 orc zombies (Ossuary)
  4 rat skeletons (Ossuary)
  8 fulminant prisms
43 creatures vanquished.

Grand Total: 260 creatures vanquished

Notes
Turn   | Place    | Note
-------+----------+-------------------------------------------
     0 | D:1      | Dipster the Tengu Conjurer began the quest for the Orb.
     0 | D:1      | Reached XP level 1. HP: 10/10 MP: 4/4
   307 | D:1      | Reached XP level 2. HP: 13/15 MP: 3/6
   344 | D:1      | Reached skill level 6 in Conjurations
   962 | D:2      | Reached XP level 3. HP: 19/19 MP: 5/7
  1126 | D:2      | Reached skill level 7 in Conjurations
  1339 | D:2      | Reached XP level 4. HP: 24/24 MP: 2/8
  1907 | D:2      | Learned a level 2 spell: Searing Ray
  1912 | D:2      | Learned a level 4 spell: Iskenderun's Mystic Blast
  2219 | D:2      | Reached skill level 8 in Conjurations
  2219 | D:2      | Gained mutation: You can fly. [Tengu growth]
  2219 | D:2      | Reached XP level 5. HP: 8/28 MP: 2/9
  3764 | D:4      | Found a sacrificial altar of Ru.
  3769 | D:4      | Reached skill level 9 in Conjurations
  3769 | D:4      | Reached XP level 6. HP: 26/32 MP: 11/11
  3937 | D:4      | Found a sand-covered staircase.
  3943 | Ossuary  | Entered an ossuary
  5103 | Ossuary  | Noticed Menkaure
  5108 | Ossuary  | Killed Menkaure
  5108 | Ossuary  | Reached skill level 10 in Conjurations
  5108 | Ossuary  | Reached XP level 7. HP: 10/36 MP: 12/12
  5675 | D:4      | Got a brightly glowing brass ring
  5714 | D:5      | Entered Level 5 of the Dungeon
  6389 | D:5      | Reached skill level 11 in Conjurations
  6389 | D:5      | Reached XP level 8. HP: 32/41 MP: 12/15
  6459 | D:5      | Learned a level 4 spell: Force Lance
  6464 | D:5      | Learned a level 4 spell: Fulminant Prism
  8046 | D:6      | Reached skill level 12 in Conjurations
  8545 | D:6      | Found a staircase to the Ecumenical Temple.
  8563 | D:6      | Reached skill level 5 in Spellcasting
  8926 | D:7      | Got a pair of distressingly furry boots
  9036 | D:7      | Noticed Dowan
  9048 | D:7      | Killed Dowan
  9048 | D:7      | Reached skill level 13 in Conjurations
  9080 | D:7      | Reached XP level 9. HP: 45/45 MP: 17/18
  9324 | D:7      | Gained mutation: You are partially covered in thin metallic scales. (AC +2) [potion of mutation]
  9324 | D:7      | Gained mutation: Your muscles are strong. (Str +2) [potion of mutation]
  9324 | D:7      | Gained mutation: You are resistant to electric shocks. (rElec) [potion of mutation]
  9668 | D:7      | Found a basalt altar of Yredelemnul.
  9668 | D:7      | Found a sparkling altar of Nemelex Xobeh.
  9673 | D:7      | Found a burning altar of Makhleb.
  9676 | D:7      | Found a shadowy altar of Dithmenos.
  9783 | D:7      | Found a bloodstained altar of Trog.
  9897 | D:7      | Noticed Duvessa
  9897 | D:7      | Reached skill level 14 in Conjurations
  9950 | D:7      | Killed Duvessa
 10293 | D:7      | Found a white marble altar of Elyvilon.
 10293 | D:7      | Noticed Prince Ribbit
 10296 | D:7      | Killed Prince Ribbit
 10939 | D:8      | Reached skill level 15 in Conjurations
 10939 | D:8      | Reached XP level 10. HP: 5/50 MP: 19/21
 11564 | D:8      | Noticed a cyclops
 11577 | D:8      | Noticed a shining eye
 11577 | D:8      | a wind drake changed into a shining eye
 11597 | D:8      | Noticed a torpor snail
 11597 | D:8      | a shining eye changed into a torpor snail
 11611 | D:8      | Noticed a cyclops
 11690 | D:8      | Noticed a two-headed ogre
 11697 | D:8      | Killed a two-headed ogre
 11848 | D:8      | Reached skill level 16 in Conjurations
 12978 | D:9      | Paralysed by a hornet for 1 turns
 12978 | D:9      | Slain by a hornet

Vault maps used:
D:1:      lordsloth_arrival_two_stooges
D:3:      first_bread
D:4:      nicolae_ossuary_entry_plus, nicolae_ru_sacrificial_ziggurat
D:6:      minmay_temple_entry_overgrown, kennysheep_generic_room_15
D:7:      chequers_temple_overflow_minitemple, lemuel_crystal_altar,
          kennysheep_generic_room_10, uniq_duvessa, uniq_prince_ribbit1
D:8:      onia_ninara_dug_in_and_dangerous
D:9:      basic_altar, introduction_to_nature_1
Ossuary:  ossuary_due_pyramid

Skill      XL: |  1  2  3  4  5  6  7  8  9 10 |
---------------+-------------------------------+-----
Conjurations   | 6 7 8 9 10 11 13 15 16 | 16.3
Spellcasting   | 3 4 5 6 7 |  7.7
Dodging        | |  2.1
Stealth        | |  2.0

Action                   |  1- 3 |  4- 6 |  7- 9 | 10-12 || total
-------------------------+-------+-------+-------+-------++-------
Melee: Short sword       |    12 |     3 |       |       ||    15
       Kick              |     1 |     1 |    13 |     4 ||    19
       Peck              |     1 |       |     5 |     2 ||     8
       Long sword        |       |       |    13 |     2 ||    15
 Cast: Magic Dart        |    70 |   162 |   138 |    54 ||   424
       Searing Ray       |       |    10 |    54 |    18 ||    82
       Iskenderun's Myst |       |       |     6 |     3 ||     9
       Fulminant Prism   |       |       |     4 |     4 ||     8
       Force Lance       |       |       |     7 |       ||     7
  Use: Scroll            |       |    10 |     2 |       ||    12
       Potion            |       |       |     6 |       ||     6
  Eat: Chunk             |     2 |    11 |    10 |     7 ||    30
       Bread ration      |       |     1 |     2 |       ||     3
       Fruit             |       |       |     1 |       ||     1
Armor: Robe              |     5 |     3 |    16 |     9 ||    33
Dodge: Dodged            |    15 |    20 |    73 |    17 ||   125
       Rpst.: Long sword |       |       |    24 |     5 ||    29
